[Event "ICC tourney 2308 (3 2)"]
[Site "Internet Chess Club"]
[Date "2021.01.15"]
[Round "11"]
[White "GLeschinsky"]
[Black "Assured"]
[Result "0-1"]
[ICCResult "White checkmated"]
[WhiteElo "2103"]
[BlackElo "2552"]
[Opening "Nimzo-Indian: Kmoch variation"]
[ECO "E20"]
[NIC "NI.30"]
[Time "22:35:57"]
[PlyCount "164"]
[TimeControl "180+2"]

1. d4 Nf6 2. c4 e6 3. Nc3 Bb4 4. f3 c5 5. d5 d6 6. e4 O-O 7. Ne2 b5 8. Ng3
bxc4 9. Bxc4 e5 10. O-O Nbd7 11. Be2 Bxc3 12. bxc3 Qa5 13. Bd2 Nb6 14. a4
Bd7 15. c4 Qa6 16. a5 Nc8 17. Bg5 Ne8 18. Qd2 f6 19. Be3 Ne7 20. Rfb1 f5
21. Bg5 Nf6 22. Bd3 h6 23. Bxf6 Rxf6 24. Qb2 Qc8 25. Qb7 f4 26. Ne2 Rf8 27.
Nc3 Rd8 28. Bc2 Kf8 29. Ba4 Qxb7 30. Rxb7 Bc8 31. Rb2 Ba6 32. Bb5 Rab8 33.
Rab1 Bc8 34. Kf2 g5 35. Ba4 Rxb2+ 36. Rxb2 Ba6 37. Bb5 Rb8 38. Rb1 Bc8 39.
h3 h5 40. Ba4 Rxb1 41. Nxb1 g4 42. hxg4 hxg4 43. Nc3 g3+ 44. Ke2 a6 45. Bc2
Bd7 46. Ba4 Ke8 47. Kd3 Ng6 48. Ke2 Nh8 49. Bxd7+ Kxd7 50. Na4 Nf7 51. Nb6+
Kc7 52. Na8+ Kb7 53. Nb6 Nd8 54. Kd3 Kc7 55. Na8+ Kb8 56. Nb6 Nb7 57. Nd7+
Kc7 58. Nf8 Nxa5 59. Ne6+ Kd7 60. Kc3 Kc8 61. Nf8 Kb7 62. Ng6 Kb6 63. Ne7
Nb7 64. Kb3 Nd8 65. Nc8+ Kc7 66. Ne7 Nf7 67. Ng6 Ng5 68. Nh4 Kb6 69. Ka4
Kc7 70. Ka5 Kb7 71. Ka4 Nf7 72. Nf5 Kb6 73. Ne7 Ng5 74. Nc8+ Kc7 75. Ne7
Nxf3 76. Nf5 Ne1 77. Nh4 f3 78. gxf3 g2 79. Ka5 g1=Q 80. Kxa6 Qf2 81. Nf5
Qb2 82. Ne7 Qb6# { White checkmated } 0-1

[Event "ICC tourney 2308 (3 2)"]
[Site "Internet Chess Club"]
[Date "2021.01.15"]
[Round "11"]
[White "Volkov"]
[Black "Retrospective"]
[Result "1-0"]
[ICCResult "Black checkmated"]
[WhiteElo "2607"]
[BlackElo "2668"]
[Opening "QGD: exchange, positional line"]
[ECO "D35"]
[NIC "QO.16"]
[Time "22:35:51"]
[PlyCount "179"]
[TimeControl "180+2"]

1. d4 Nf6 2. c4 e6 3. Nc3 d5 4. cxd5 exd5 5. Bg5 Bb4 6. e3 h6 7. Bxf6 Qxf6
8. Bd3 O-O 9. Ne2 c6 10. a3 Bd6 11. O-O Nd7 12. b4 Qe7 13. b5 Nf6 14. bxc6
bxc6 15. h3 Be6 16. Qc2 Qd7 17. Nf4 Bxf4 18. exf4 Bxh3 19. gxh3 Qxh3 20. f3
Qg3+ 21. Kh1 Qxf4 22. Qf2 Rae8 23. Rae1 Nh5 24. Rg1 Rb8 25. Rg4 Qf6 26. Re5
Rb3 27. Rxh5 Rxc3 28. Rf5 Qe6 29. Qd2 Rxa3 30. Rh5 Rb8 31. Rxh6 Rxd3 32.
Rxg7+ Kxg7 33. Qg5+ Qg6 34. Rxg6+ fxg6 35. Qe5+ Kh6 36. Qxb8 Rxf3 37. Qh8+
Kg5 38. Qd8+ Rf6 39. Kg2 Kf5 40. Kf3 g5 41. Qe7 Kg6+ 42. Kg3 a5 43. Qa7 Rf4
44. Qc5 Kf5 45. Qc2+ Re4 46. Qf2+ Rf4 47. Qc2+ Re4 48. Qxc6 Rxd4 49. Qd7+
Ke4 50. Qh7+ Ke3 51. Qe7+ Kd2 52. Qc5 Rd3+ 53. Kf2 a4 54. Qb4+ Kc2 55.
Qxa4+ Kc3 56. Qa3+ Kd4 57. Qb4+ Ke5 58. Qe7+ Kd4 59. Qxg5 Kc4 60. Ke2 Rd4
61. Qc1+ Kb5 62. Qb2+ Kc4 63. Qc2+ Kb5 64. Qc7 Rc4 65. Qd6 Rd4 66. Ke3 Rd1
67. Qb8+ Kc5 68. Qc8+ Kb5 69. Qc2 Rh1 70. Kd4 Rh4+ 71. Kxd5 Rb4 72. Qc6+
Ka5 73. Qa8+ Kb5 74. Qe8+ Kb6 75. Qc6+ Ka5 76. Qa8+ Kb5 77. Qa7 Rb3 78.
Qb7+ Ka4 79. Qa6+ Kb4 80. Kd4 Rb2 81. Qb6+ Ka3 82. Qa5+ Kb3 83. Kd3 Rb1 84.
Qb5+ Ka2 85. Qa4+ Kb2 86. Kd2 Ra1 87. Qb4+ Ka2 88. Kc2 Rc1+ 89. Kxc1 Ka1
90. Qa5# { Black checkmated } 1-0

[Event "ICC tourney 2308 (3 2)"]
[Site "Internet Chess Club"]
[Date "2021.01.15"]
[Round "11"]
[White "pyaru536"]
[Black "jy2020"]
[Result "1-0"]
[ICCResult "Black checkmated"]
[WhiteElo "2092"]
[BlackElo "2213"]
[Opening "Catalan: open, 5.Nf3"]
[ECO "E04"]
[NIC "CA.03"]
[Time "22:35:39"]
[PlyCount "197"]
[TimeControl "180+2"]

1. d4 Nf6 2. c4 e6 3. g3 d5 4. Nf3 dxc4 5. Bg2 a6 6. O-O Nc6 7. e3 Rb8 8.
Qe2 b5 9. b3 cxb3 10. axb3 Be7 11. Bd2 O-O 12. Rc1 Bb7 13. Ne1 Qd7 14. Nd3
Nd5 15. Nc3 Ncb4 16. Ne5 Qd8 17. Ne4 f6 18. Nd3 Nxd3 19. Qxd3 Nb4 20. Qe2
Bd5 21. Nc5 Bxc5 22. Rxc5 Bxg2 23. Kxg2 Nd5 24. Rxa6 Qd7 25. Ba5 Rfc8 26.
Qc2 Rb7 27. Qe4 c6 28. Qc2 Ra7 29. Rxa7 Qxa7 30. Rxc6 Re8 31. Bd2 Qd7 32.
Rc5 Rd8 33. Qd3 Rb8 34. e4 Ne7 35. Be3 Rb7 36. d5 exd5 37. exd5 Nf5 38. d6
Nxd6 39. Rd5 Qc6 40. Kg1 Nf7 41. Bf4 g6 42. h4 Kg7 43. h5 g5 44. Bd2 Re7
45. Bc3 Rc7 46. Bb2 Qc2 47. Qxc2 Rxc2 48. Bd4 Rc1+ 49. Kg2 Rb1 50. Rxb5 Rd1
51. Bc3 Rd3 52. Bb2 Nd6 53. Rxg5+ Kf7 54. Ra5 Rxb3 55. Ra7+ Ke6 56. Bc1 Rc3
57. Bf4 Ne4 58. Rxh7 Rc2 59. Be3 Kf5 60. Ra7 Rc8 61. Ra5+ Ke6 62. Ra4 Nd6
63. Rh4 Nf5 64. Re4+ Kf7 65. Rf4 Nxe3+ 66. fxe3 Rc5 67. g4 Re5 68. Kf3 Kg7
69. e4 Rb5 70. Rf5 Rb3+ 71. Kf4 Rb1 72. e5 Rf1+ 73. Ke4 Re1+ 74. Kd5 fxe5
75. Rxe5 Rg1 76. Rg5+ Kh7 77. Ke4 Re1+ 78. Kf3 Rf1+ 79. Kg2 Ra1 80. Rg6
Ra2+ 81. Kg3 Ra3+ 82. Kh4 Ra1 83. Rb6 Rh1+ 84. Kg5 Ra1 85. Rb7+ Kg8 86. Kf5
Ra5+ 87. Kf4 Ra4+ 88. Kg3 Ra3+ 89. Kh4 Ra5 90. h6 Kh8 91. g5 Kg8 92. Kh5
Ra6 93. Rb5 Kh7 94. g6+ Rxg6 95. Rb7+ Rg7 96. Rxg7+ Kh8 97. Ra7 Kg8 98. Kg6
Kh8 99. Ra8# { Black checkmated } 1-0